 Dungeon Crawl Stone Soup version 0.30.1-11-g7821555f0a (webtiles) character file.

Game seed: 11251946837362195676

67 safid the Chiller (level 4, -1/33 HPs)
             Began as a Merfolk Ice Elementalist on Nov 1, 2023.
             Slain by an orc
             ... wielding a +0 hand axe
              (3 damage)
             ... on level 3 of the Dungeon.
             The game lasted 00:01:55 (1830 turns).

safid the Chiller (Merfolk Ice Elementalist)        Turns: 1830, Time: 00:01:55

Health: -1/33      AC:  2    Str:  8    XL:     4   Next: 16%
Magic:  5/8        EV: 12    Int: 16    God:
Gold:   85         SH:  0    Dex: 14    Spells: 7/8 levels left

rFire   . . .        n - +1 long sword (heavy)
rCold   . . .        (no shield)
rNeg    . . .        a - +0 robe
rPois   .            (no helmet)
rElec   .            (no cloak)
rCorr   .            (no gloves)
SInv    .            (no boots)
Will    .....        (no amulet)
Stlth   ++           (no ring)
HPRegen 0.25/turn    (no ring)
MPRegen 0.11/turn

%: no passive effects
@: no status effects
A: (nimble swimmer 2), mertail
a: no special abilities


You were on level 3 of the Dungeon.
You visited 1 branch of the dungeon, and saw 3 of its levels.

You collected 85 gold pieces.

Inventory:

Hand Weapons
 f - a +0 whip
 n - a +1 heavy long sword (weapon)
Armour
 a - a +0 robe (worn)
Scrolls
 c - a scroll of silence {unknown}
 e - a scroll of blinking {unknown}
 g - 6 scrolls of teleportation {unknown}
 h - a scroll of magic mapping {unknown}
 k - 2 scrolls of vulnerability {unknown}
 m - a scroll of enchant weapon {unknown}
Potions
 b - a potion of magic
 d - 3 potions of curing {unknown}
 i - 2 potions of invisibility {unknown}
 j - a potion of might {unknown}
 l - a potion of cancellation {unknown}


   Skills:
 + Level 2.1 Fighting
 - Level 2.6 Dodging
 - Level 2.1 Stealth
 + Level 2.8 Spellcasting
 + Level 5.0 Ice Magic


You had 7 spell levels left.
You knew the following spells:

 Your Spells              Type           Power      Damage    Failure   Level
a - Freeze                Ice            72%        1d8       2%          1

Your spell library contained the following spells:

 Spells                   Type           Power      Damage    Failure   Level
 Frozen Ramparts          Ice            36%        1d6       8%          3
 Ozocubu's Armour         Ice            18%        N/A       8%          3
 Summon Ice Beast         Ice/Summ       10%        N/A       56%         4


Dungeon Overview and Level Annotations

Branches:
Dungeon (3/15)

Altars:


Innate Abilities, Weirdness & Mutations

((You are very nimble when in or above water. (Stealth+, EV+, Speed+++)))
Your lower body shifts to a powerful aquatic tail in water.


Message History

The orc priest shouts!
You closely miss the orc priest.
The hobgoblin shouts!
You hear an angry hiss.
The orc priest casts a cantrip, but nothing happens.
An endoplasm comes into view.
The orc barely misses you. The orc completely misses you.
Unknown command.
You slash the orc!
You kill the orc!
The orc barely misses you. The orc hits you with a +0 hand axe.
The hobgoblin hits you but does no damage.
The orc priest invokes the aid of Beogh against you.
Pain shoots through your body!
Unknown command.
You slash the orc priest!
You kill the orc priest!
The hobgoblin hits you.
* * * LOW HITPOINT WARNING * * *
The orc barely misses you. The hobgoblin misses you.
The orc hits you with a +0 hand axe.
* * * LOW HITPOINT WARNING * * *
The endoplasm freezes you.
You are frozen.
* * * LOW HITPOINT WARNING * * *
Your Fighting skill increases to level 2!
Your Ice Magic skill increases to level 5!
You have reached level 4!
Casting: Freeze (safe; 2% risk of failure)
Confirm with . or Enter, or press ? or * to list all spells.
Aiming: Freeze (safe; 2% risk of failure)
Press: ? - help, Shift-Dir - straight line, f - orc
Aim: an orc, wielding a +0 hand axe You freeze the orc.
The orc is heavily wounded.
The hobgoblin completely misses you. The endoplasm freezes you.
You are frozen.
* * * LOW HITPOINT WARNING * * *
The orc hits you with a +0 hand axe.
You die...

....#########.# #
#...........>.#.# .#
..#.########..#. #..
###.# #....... ... .
###.# #.##..#. ##.# ..
....# #.##..#.#...#.##
###.#####.##..#.........
#.##........##)o....#
###.##.##.......@.....#
....##.#####..##gJ###...
######.# #.........
#.#####.###..###..
#....##.# #..# ##
####.##.. ...# .# #.####
.... .########.# ....
....>.....#


You could see an orc, an endoplasm and a hobgoblin.

Vanquished Creatures
  An orc priest (D:3)
  An adder (D:2)
  2 dart slugs
  An orc (D:3)
  3 ball pythons (D:2)
  3 endoplasms
  6 goblins
  2 kobolds
  A bat (D:1)
  2 frilled lizards (D:1)
  A rat (D:3)
23 creatures vanquished.

Notes
Turn   | Place    | Note
-------+----------+-------------------------------------------
     0 | D:1      | safid the Merfolk Ice Elementalist began the quest for the
                  | Orb.
     0 | D:1      | Reached XP level 1. HP: 13/13 MP: 3/3
   225 | D:1      | Found a faded altar of an unknown god.
   561 | D:1      | Reached skill level 1 in Fighting
   561 | D:1      | Reached XP level 2. HP: 18/21 MP: 1/5
  1077 | D:2      | Reached XP level 3. HP: 22/26 MP: 2/6
  1830 | D:3      | Reached skill level 5 in Ice Magic
  1830 | D:3      | Reached XP level 4. HP: 6/33 MP: 6/8
  1830 | D:3      | Slain by an orc

Illustrated notes

Levels and vault maps discovered:
D:1:      minmay_arrival_arboretum_small, layout_basic,
          shapermc_ecumenical_altar_totnotflames
D:2:      layout_loops_ring
D:3:      layout_loops_ring, portal_sewer_entry_d

Skill      XL: |  1  2  3 |
---------------+----------+-----
Fighting       | 1 2 |  2.1
Ice Magic      | 5 |  5.0
Dodging        | |  2.6
Stealth        | |  2.1
Spellcasting   | |  2.8

Action                     |  1- 3 |  4- 6 || total
---------------------------+-------+-------++-------
  Melee: Whip              |    47 |       ||    47
         Unarmed           |     2 |       ||     2
         Punch             |     1 |       ||     1
         Long sword        |     4 |       ||     4
   Cast: Freeze            |    21 |     1 ||    22
   Stab: Sleeping          |     5 |       ||     5
 Armour: Robe              |    10 |       ||    10
  Dodge: Dodged            |    41 |     1 ||    42
